[Event "GER-ch Youth-U10 2022"]
[Site "Willingen"]
[Date "2022.06.05"]
[Round "1.19"]
[White "Allen, Phillipp"]
[Black "Yao, Haiyang"]
[Result "1-0"]
[ECO "C41"]
[WhiteElo "1467"]
[BlackElo "1098"]
[Annotator "NA RC COMBH"]
[PlyCount "95"]
[EventDate "2022.06.05"]
[EventType "swiss"]
[EventRounds "11"]
[EventCountry "GER"]
[SourceTitle "playchess.com"]
[Source "ChessBase"]
[SourceQuality "1"]
[TimeControl "40/4500+30:900+30"]

1. e4 e5 2. Nf3 d6 3. d4 Nd7 4. dxe5 dxe5 5. Be3 c6 6. Bc4 Be7 7. O-O h6 8. c3 Ngf6 9. Nbd2 O-O 10. h3 b5 11. Bb3 Bb7 12. a4 Qc8 13. axb5 cxb5 14. Bc2 Ba6 15. Bd3 Ne8 16. Qb3 Nd6 17. Rfd1 Nf6 18. Nxe5 Bb7 19. Ng6 Re8 20. Nxe7+ Rxe7 21. Qa3 Re6 22. e5 Rxe5 23. Bf4 Qc6 24. Nf3 Rd5 25. Bf1 Rxd1 26. Rxd1 Nc4 27. Bxc4 Qxc4 28. Nd4 Qd5 29. f3 Nh5 30. Bh2 Qg5 31. Qa5 Rd8 32. Rf1 Qe3+ 33. Kh1 Re8 34. Qxb5 Bc8 35. Qxh5 Ba6 36. Rg1 Qf2 37. Qg4 Re1 38. Rxe1 Qxe1+ 39. Bg1 Bf1 40. Nf5 g6 41. Nxh6+ Kg7 42. Nf5+ Kg8 43. Qg3 Qb1 44. Qb8+ Kh7 45. Qf8 Qxf5 46. Bd4 f6 47. Bxf6 Qd7 48. Qh8# 1-0

[Event "GER-ch Youth-U10 2022"]
[Site "Willingen"]
[Date "2022.06.05"]
[Round "1.20"]
[White "Stehning, Toni"]
[Black "Tak, Rannveer"]
[Result "1-0"]
[ECO "C02"]
[WhiteElo "1097"]
[BlackElo "1746"]
[Annotator "NA RC COMBH"]
[PlyCount "47"]
[EventDate "2022.06.05"]
[EventType "swiss"]
[EventRounds "11"]
[EventCountry "GER"]
[SourceTitle "playchess.com"]
[Source "ChessBase"]
[SourceQuality "1"]
[TimeControl "40/4500+30:900+30"]

1. e4 e6 2. d4 d5 3. e5 c5 4. c3 Nc6 5. Nf3 Bd7 6. Bd3 cxd4 7. cxd4 Qb6 8. Nc3 Nxd4 9. Nxd4 Qxd4 10. O-O Bc5 11. Be3 Qb4 12. a3 Qb6 13. Na4 Bxa4 14. Qxa4+ Kf8 15. Bxc5+ Qxc5 16. Rac1 Qb6 17. Qd7 Ne7 18. Rc7 Re8 19. Bb5 Qxb5 20. Qxb5 b6 21. Rxa7 Ng6 22. Qb4+ Kg8 23. Qxb6 Nxe5 24. Qc7 1-0

[Event "GER-ch Youth-U10 2022"]
[Site "Willingen"]
[Date "2022.06.05"]
[Round "1.21"]
[White "Vu, Khoi Nguyen"]
[Black "Schmidt, Jossip"]
[Result "1-0"]
[ECO "C50"]
[WhiteElo "1627"]
[BlackElo "1085"]
[Annotator "NA RC COMBH"]
[PlyCount "81"]
[EventDate "2022.06.05"]
[EventType "swiss"]
[EventRounds "11"]
[EventCountry "GER"]
[SourceTitle "playchess.com"]
[Source "ChessBase"]
[SourceQuality "1"]
[TimeControl "40/4500+30:900+30"]

1. e4 e5 2. Nf3 Nc6 3. Bc4 Bc5 4. Nc3 Nf6 5. d3 h6 6. Be3 Bxe3 7. fxe3 d6 8. Qd2 Qe7 9. O-O-O Be6 10. Bb3 O-O-O 11. Nd5 Bxd5 12. exd5 Nb8 13. e4 Nbd7 14. Qf2 Kb8 15. Nd2 Nc5 16. Nc4 Nxb3+ 17. axb3 Nd7 18. Rhf1 f6 19. Kb1 Rhf8 20. Ka2 Nb6 21. Ne3 Qd7 22. Ra1 a5 23. Kb1 a4 24. b4 Qb5 25. Qd2 Rc8 26. c4 Qa6 27. Nf5 Rf7 28. Rf3 c6 29. Nxd6 Rcc7 30. c5 Nc8 31. Nxf7 Rxf7 32. d6 Rd7 33. Qc2 b5 34. cxb6 Qxb6 35. Rxa4 Rxd6 36. Qc5 Qb7 37. Kc2 Qe7 38. Rf1 Na7 39. Rfa1 Nb5 40. Ra8+ Kc7 41. R1a7+ 1-0

[Event "GER-ch Youth-U10 2022"]
[Site "Willingen"]
[Date "2022.06.05"]
[Round "1.22"]
[White "Wolf, Noah"]
[Black "Lee, Ho In"]
[Result "0-1"]
[ECO "C02"]
[WhiteElo "1073"]
[BlackElo "1396"]
[Annotator "NA RC COMBH"]
[PlyCount "64"]
[EventDate "2022.06.05"]
[EventType "swiss"]
[EventRounds "11"]
[EventCountry "GER"]
[SourceTitle "playchess.com"]
[Source "ChessBase"]
[SourceQuality "1"]
[TimeControl "40/4500+30:900+30"]

1. e4 e6 2. d4 d5 3. e5 c5 4. c3 Nc6 5. Nf3 Qb6 6. Bd3 cxd4 7. cxd4 Bd7 8. Bc2 Nb4 9. O-O Nxc2 10. Qxc2 Ne7 11. Bg5 Nf5 12. Rd1 Rc8 13. Nc3 h6 14. Be3 Qa5 15. Qb3 Qb4 16. Qxb4 Bxb4 17. Rac1 O-O 18. g4 Ne7 19. h4 Rc7 20. h5 Rfc8 21. Bd2 b5 22. g5 Nf5 23. gxh6 gxh6 24. Nxd5 Rxc1 25. Nf6+ Kg7 26. Bxc1 Bc6 27. Nh2 Bb7 28. Bd2 Bxd2 29. Rxd2 Rc1+ 30. Nf1 Nh4 31. Rd3 Nf3+ 32. Kg2 Nxe5+ 0-1

[Event "GER-ch Youth-U10 2022"]
[Site "Willingen"]
[Date "2022.06.05"]
[Round "1.23"]
[White "Fels, Mattis"]
[Black "Mulgunov, Jefim Nikolaj"]
[Result "1-0"]
[ECO "B07"]
[WhiteElo "1395"]
[BlackElo "1055"]
[Annotator "NA RC COMBH"]
[PlyCount "55"]
[EventDate "2022.06.05"]
[EventType "swiss"]
[EventRounds "11"]
[EventCountry "GER"]
[SourceTitle "playchess.com"]
[Source "ChessBase"]
[SourceQuality "1"]
[TimeControl "40/4500+30:900+30"]

1. d4 g6 2. Nc3 Bg7 3. Bf4 Nf6 4. f3 O-O 5. Qd2 d6 6. e4 Nbd7 7. O-O-O e5 8. dxe5 dxe5 9. Bxe5 Qe7 10. Bxc7 Re8 11. Qd6 Bh6+ 12. Kb1 Qxd6 13. Rxd6 Kg7 14. Bb5 a6 15. Bxd7 Bxd7 16. Nge2 Rac8 17. Ba5 Rc5 18. b4 Rcc8 19. Rhd1 Bb5 20. Nxb5 axb5 21. Rb6 Rb8 22. Rdd6 Ng8 23. Rxb5 Ne7 24. Rd7 Nc6 25. Rbxb7 Ra8 26. Rxf7+ Kg8 27. Rxh7 Bg5 28. Rhg7+ 1-0

[Event "GER-ch Youth-U10 2022"]
[Site "Willingen"]
[Date "2022.06.05"]
[Round "1.25"]
[White "Rohatgi, Kushagra"]
[Black "Meurer, Knut"]
[Result "1-0"]
[ECO "B74"]
[WhiteElo "1222"]
[BlackElo "998"]
[Annotator "NA RC COMBH"]
[PlyCount "77"]
[EventDate "2022.06.05"]
[EventType "swiss"]
[EventRounds "11"]
[EventCountry "GER"]
[SourceTitle "playchess.com"]
[Source "ChessBase"]
[SourceQuality "1"]
[TimeControl "40/4500+30:900+30"]

1. e4 c5 2. Nf3 d6 3. d4 cxd4 4. Nxd4 Nc6 5. Nc3 Nf6 6. Be2 g6 7. Be3 Bg7 8. O-O O-O 9. Nb3 b5 10. Bxb5 Qc7 11. h3 a6 12. Be2 Bb7 13. Bd3 Nb4 14. a3 Nxd3 15. Qxd3 Bc6 16. Rfe1 Qb7 17. Na5 Qc7 18. Nxc6 Qxc6 19. Rad1 Rab8 20. b3 Nd7 21. Nd5 Ne5 22. Nxe7+ Kh8 23. Nxc6 Nxd3 24. Rxd3 Rbc8 25. Nd4 Be5 26. Nf3 Bc3 27. Rxc3 Rxc3 28. Bd4+ Kg8 29. Bxc3 Rc8 30. Bf6 Rxc2 31. Rd1 Rc6 32. Bg5 Rc5 33. Be3 Rc6 34. a4 Rc3 35. b4 Rc4 36. b5 Rxa4 37. b6 Rb4 38. Ra1 Rxe4 39. Rb1 1-0

[Event "GER-ch Youth-U10 2022"]
[Site "Willingen"]
[Date "2022.06.05"]
[Round "1.26"]
[White "Andersen, Jonatan M"]
[Black "Sheng, Ming"]
[Result "0-1"]
[ECO "B34"]
[WhiteElo "1857"]
[BlackElo "1258"]
[Annotator "NA RC COMBH"]
[PlyCount "156"]
[EventDate "2022.06.05"]
[EventType "swiss"]
[EventRounds "11"]
[EventCountry "GER"]
[SourceTitle "playchess.com"]
[Source "ChessBase"]
[SourceQuality "1"]
[TimeControl "40/4500+30:900+30"]

1. e4 c5 2. Nf3 Nc6 3. d4 cxd4 4. Nxd4 Nf6 5. Nc3 g6 6. Bd3 Nxd4 7. Bg5 Bg7 8. O-O d6 9. Bc4 Ne6 10. Bxe6 Bxe6 11. Qf3 Qd7 12. h3 O-O 13. Rad1 Qc7 14. Rfe1 Rfe8 15. Rc1 h6 16. Bxf6 Bxf6 17. Nb5 Qc6 18. e5 Qxb5 19. exf6 exf6 20. Qxf6 Qf5 21. Qd4 Qd5 22. Qxd5 Bxd5 23. Red1 Be6 24. Rxd6 Rad8 25. Rcd1 Rxd6 26. Rxd6 Kf8 27. b3 Ke7 28. Rd1 Rd8 29. Rc1 Rd2 30. a3 b5 31. Kf1 Rd4 32. f3 a5 33. Ke2 Kd6 34. Ke3 Rd5 35. g4 f5 36. b4 axb4 37. axb4 Ke5 38. Re1 f4+ 39. Kf2+ Kf6 40. c3 Re5 41. Ra1 $19 Re3 42. Ra5 Bc4 43. Ra6+ Re6 44. Ra3 Kg5 45. Ra7 Re3 46. Ra3 Re2+ 47. Kg1 Ra2 48. Rxa2 Bxa2 49. Kf2 Bc4 50. Kg2 Kh4 51. Kh2 Be2 52. Kg2 g5 53. Kf2 Bc4 54. Kg2 Bd5 55. Kh2 Bxf3 56. Kg1 Kxh3 57. Kf2 Kxg4 58. Ke1 h5 59. c4 bxc4 60. b5 c3 61. b6 Kg3 62. b7 Bxb7 63. Kd1 f3 64. Kc2 f2 65. Kxc3 f1=Q 66. Kd4 Qf4+ 67. Kc5 Qe4 68. Kd6 Qd5+ 69. Ke7 Bc8 70. Kf6 Qf5+ 71. Ke7 Qe6+ 72. Kf8 Bd7 73. Kg7 Be8 74. Kh8 Bg6 75. Kg7 Qf7+ 76. Kh6 g4 77. Kg5 Bf5 78. Kh6 Qg6# 0-1

[Event "GER-ch Youth-U10 2022"]
[Site "Willingen"]
[Date "2022.06.05"]
[Round "1.27"]
[White "Rudolph, Simon"]
[Black "Wetzig, Karl Anton"]
[Result "1-0"]
[ECO "B28"]
[WhiteElo "1361"]
[BlackElo "884"]
[Annotator "NA RC COMBH"]
[PlyCount "119"]
[EventDate "2022.06.05"]
[EventType "swiss"]
[EventRounds "11"]
[EventCountry "GER"]
[SourceTitle "playchess.com"]
[Source "ChessBase"]
[SourceQuality "1"]
[TimeControl "40/4500+30:900+30"]

1. e4 c5 2. Nf3 Nc6 3. d4 cxd4 4. Nxd4 a6 5. Nc3 e5 6. Nf3 Bc5 7. Be2 Nf6 8. Bg5 Bb4 9. O-O Bxc3 10. bxc3 O-O 11. Re1 d6 12. Bc4 h6 13. Be3 b5 14. Bd3 Bg4 15. h3 Bxf3 16. Qxf3 b4 17. Bd2 d5 18. exd5 Qxd5 19. Qxd5 Nxd5 20. cxb4 Ndxb4 21. Bxb4 Nxb4 22. Rxe5 f6 23. Re7 Rfc8 24. Bf5 Nxc2 25. Rc1 Rc5 26. Bxc2 Rac8 27. Bb3+ Kf8 28. Rxc5 Rxc5 29. Rf7+ Ke8 30. Rxg7 a5 31. a4 Rc1+ 32. Kh2 Rb1 33. Bc4 Rb4 34. Bb5+ Kf8 35. Rb7 Rb2 36. Rb8+ Ke7 37. Ra8 Rxf2 38. Rxa5 Kd6 39. Ra6+ Kc5 40. Re6 Kd5 41. Re2 Rxe2 42. Bxe2 Kc5 43. Kg3 Kb4 44. Bb5 f5 45. Kf4 h5 46. Kxf5 h4 47. Kg5 Kc5 48. Kxh4 Kd6 49. Kg5 Ke6 50. h4 Ke7 51. h5 Kf7 52. h6 Kg8 53. Kg6 Kh8 54. a5 Kg8 55. a6 Kf8 56. Kf6 Kg8 57. a7 Kh8 58. a8=Q+ Kh7 59. Bd3+ Kxh6 60. Qh8# 1-0

[Event "GER-ch Youth-U10 2022"]
[Site "Willingen"]
[Date "2022.06.05"]
[Round "2.2"]
[White "Kateryniuk, Ivan"]
[Black "Fels, Mattis"]
[Result "1-0"]
[ECO "B01"]
[WhiteElo "1187"]
[BlackElo "1395"]
[Annotator "NA RC COMBH"]
[PlyCount "57"]
[EventDate "2022.06.05"]
[EventType "swiss"]
[EventRounds "11"]
[EventCountry "GER"]
[SourceTitle "playchess.com"]
[Source "ChessBase"]
[SourceQuality "1"]
[TimeControl "40/4500+30:900+30"]

1. e4 d5 2. exd5 Qxd5 3. Nc3 Qa5 4. Bc4 Nf6 5. d3 Nc6 6. Bd2 e5 7. Nd5 Qc5 8. Nxc7+ Kd8 9. Nxa8 Ng4 10. Nh3 Qd4 11. Bc3 Qc5 12. Qd2 Nd4 13. Bxd4 Qxd4 14. Qa5+ b6 15. Qd5+ Qxd5 16. Bxd5 Be7 17. Bf3 f5 18. O-O-O Rf8 19. Rhe1 h6 20. Re2 e4 21. dxe4+ Ke8 22. Nc7+ Kf7 23. exf5 Kg8 24. Bxg4 Bb7 25. Rxe7 Bxg2 26. Nf4 h5 27. Nce6 a6 28. Rxg7+ Kh8 29. Ng6# 1-0

[Event "GER-ch Youth-U10 2022"]
[Site "Willingen"]
[Date "2022.06.05"]
[Round "2.3"]
[White "Lee, Ho In"]
[Black "Shen, Tingrui"]
[Result "0-1"]
[ECO "B36"]
[WhiteElo "1396"]
[BlackElo "1621"]
[Annotator "NA RC COMBH"]
[PlyCount "118"]
[EventDate "2022.06.05"]
[EventType "swiss"]
[EventRounds "11"]
[EventCountry "GER"]
[SourceTitle "playchess.com"]
[Source "ChessBase"]
[SourceQuality "1"]
[TimeControl "40/4500+30:900+30"]

1. e4 c5 2. Nf3 Nc6 3. d4 cxd4 4. Nxd4 g6 5. c4 Nf6 6. Nc3 Nxd4 7. Qxd4 d6 8. Be3 Bg7 9. Be2 O-O 10. Qd1 Be6 11. Rc1 Rc8 12. b3 a6 13. Bd4 Qa5 14. O-O b5 15. cxb5 axb5 16. Bd3 b4 17. Na4 Nd7 18. Bxg7 Kxg7 19. Qd2 Nc5 20. Nxc5 Rxc5 21. Rxc5 dxc5 22. Ra1 Kg8 23. Rc1 Ra8 24. Bb1 Rc8 25. h3 Qb5 26. Qd3 c4 27. bxc4 Bxc4 28. Qd4 Qa6 29. Qd7 Be6 30. Rxc8+ Qxc8 31. Qxc8+ Bxc8 32. Kf1 Be6 33. Ke2 Bc4+ 34. Ke3 e5 35. g3 Kf8 36. f4 f6 37. Kf3 Ke7 38. f5 g5 39. h4 gxh4 40. gxh4 h5 41. Ke3 Kd6 42. Kd2 Kc5 43. Ke3 Kb5 44. Kd2 Ka4 45. Kc1 Ka3 46. Kc2 Bxa2 47. Kc1 Bxb1 48. Kxb1 Kb3 49. Kc1 Ka2 50. Kc2 b3+ 51. Kc3 b2 52. Kc4 b1=Q 53. Kd5 Qd3+ 54. Ke6 Qxe4 55. Kxf6 Qxh4+ 56. Kxe5 Qg5 57. Ke6 h4 58. f6 Qxf6+ 59. Kxf6 h3 0-1

[Event "GER-ch Youth-U10 2022"]
[Site "Willingen"]
[Date "2022.06.05"]
[Round "2.4"]
[White "Zhang, Yibo"]
[Black "Rohatgi, Kushagra"]
[Result "1-0"]
[ECO "B13"]
[WhiteElo "1436"]
[BlackElo "1222"]
[Annotator "NA RC COMBH"]
[PlyCount "111"]
[EventDate "2022.06.05"]
[EventType "swiss"]
[EventRounds "11"]
[EventCountry "GER"]
[SourceTitle "playchess.com"]
[Source "ChessBase"]
[SourceQuality "1"]
[TimeControl "40/4500+30:900+30"]

1. e4 c6 2. d4 d5 3. exd5 cxd5 4. Bd3 Nc6 5. c3 Nf6 6. h3 h6 7. Bf4 e6 8. Nf3 Bd6 9. Ne5 Bxe5 10. dxe5 Nd7 11. Qg4 Ncxe5 12. Bxe5 Nxe5 13. Bb5+ Bd7 14. Qxg7 Ng6 15. Bd3 Rf8 16. Bxg6 Qg5 17. Bxf7+ Rxf7 18. Qxg5 hxg5 19. Nd2 Bc6 20. Nf3 Rg7 21. Ne5 Bd7 22. c4 dxc4 23. Nxc4 Bc6 24. f3 Bd5 25. Ne5 Rc8 26. Kd1 Rd8 27. Ke2 Rc8 28. Rhc1 Rgc7 29. Rxc7 Rxc7 30. Kd2 b6 31. b3 Rc8 32. Rc1 Rxc1 33. Kxc1 Ke7 34. Kd2 Kf6 35. Ng4+ Ke7 36. Kd3 Kd6 37. Kd4 a6 38. Ne5 Ke7 39. Nc4 Bxc4 40. Kxc4 Kd6 41. Kd4 b5 42. b4 Kc6 43. Ke5 Kd7 44. f4 gxf4 45. Kxf4 Ke7 46. Ke5 Kf7 47. g4 Ke7 48. h4 Kf7 49. g5 Kg6 50. Kxe6 Kg7 51. h5 Kh7 52. Kf7 Kh8 53. g6 a5 54. g7+ Kh7 55. g8=Q+ Kh6 56. Qg6# 1-0

[Event "GER-ch Youth-U10 2022"]
[Site "Willingen"]
[Date "2022.06.05"]
[Round "2.5"]
[White "Vartanian, Roman"]
[Black "Rudolph, Simon"]
[Result "1-0"]
[ECO "D35"]
[WhiteElo "1511"]
[BlackElo "1361"]
[Annotator "NA RC COMBH"]
[PlyCount "27"]
[EventDate "2022.06.05"]
[EventType "swiss"]
[EventRounds "11"]
[EventCountry "GER"]
[SourceTitle "playchess.com"]
[Source "ChessBase"]
[SourceQuality "1"]
[TimeControl "40/4500+30:900+30"]

1. Nf3 d5 2. c4 Nf6 3. cxd5 Nxd5 4. d4 e6 5. Nc3 Nc6 6. e3 Bb4 7. Qc2 a6 8. a3 Be7 9. Bd3 b5 10. Nxd5 Nxd4 11. Nxc7+ Kd7 12. Ne5+ Kd6 13. exd4 Rf8 14. Qc5# 1-0

[Event "GER-ch Youth-U10 2022"]
[Site "Willingen"]
[Date "2022.06.05"]
[Round "2.6"]
[White "Gersemann, Karl"]
[Black "Kutz, Paul Matti"]
[Result "0-1"]
[ECO "C01"]
[WhiteElo "1620"]
[BlackElo "1202"]
[Annotator "NA RC COMBH"]
[PlyCount "94"]
[EventDate "2022.06.05"]
[EventType "swiss"]
[EventRounds "11"]
[EventCountry "GER"]
[SourceTitle "playchess.com"]
[Source "ChessBase"]
[SourceQuality "1"]
[TimeControl "40/4500+30:900+30"]

1. e4 e6 2. d4 d5 3. Bd3 Nf6 4. e5 Nfd7 5. f4 c5 6. c3 Nc6 7. Nf3 Qb6 8. Qb3 cxd4 9. Qxb6 Nxb6 10. cxd4 Nb4 11. Ke2 Nxd3 12. Kxd3 Bd7 13. Nc3 Rc8 14. Nd2 Bb4 15. Ndb1 O-O 16. a3 Bxc3 17. Nxc3 Nc4 18. b3 Na5 19. Rb1 Rc7 20. Bd2 Rfc8 21. Rhc1 f6 22. g4 fxe5 23. fxe5 Be8 24. Rb2 Bg6+ 25. Ke3 Rf7 26. Ne2 Nc6 27. Nf4 Rcf8 28. Rf1 Be4 29. Bc1 g5 30. Nxe6 Rxf1 31. Nxf8 Kxf8 32. Rf2+ Rxf2 33. Kxf2 Nxd4 34. Bxg5 Nxb3 35. Bh6+ Kf7 36. h4 d4 37. Ke2 d3+ 38. Ke1 d2+ 39. Bxd2 Nxd2 40. Kxd2 Ke6 41. Ke3 Kxe5 42. g5 b5 43. h5 a5 44. h6 b4 45. g6 Bxg6 46. Kd2 bxa3 47. Kc3 a4 0-1

[Event "GER-ch Youth-U10 2022"]
[Site "Willingen"]
[Date "2022.06.05"]
[Round "2.7"]
[White "Sheng, Ming"]
[Black "Junge, Mattheo Gabriel"]
[Result "1/2-1/2"]
[ECO "C50"]
[WhiteElo "1258"]
[BlackElo "1132"]
[Annotator "NA RC COMBH"]
[PlyCount "99"]
[EventDate "2022.06.05"]
[EventType "swiss"]
[EventRounds "11"]
[EventCountry "GER"]
[SourceTitle "playchess.com"]
[Source "ChessBase"]
[SourceQuality "1"]
[TimeControl "40/4500+30:900+30"]

1. e4 e5 2. Nf3 Nc6 3. Bc4 Bc5 4. Nc3 Nf6 5. d3 d6 6. Bg5 h6 7. Bxf6 Qxf6 8. Nd5 Qd8 9. c3 Be6 10. O-O O-O 11. d4 exd4 12. cxd4 Bb4 13. Qb3 a5 14. Nxb4 Nxb4 15. Bxe6 fxe6 16. Qxe6+ Kh8 17. a3 Nc6 18. d5 Re8 19. Qf5 Ne5 20. Nd4 Qf6 21. Qxf6 gxf6 22. Ne6 Re7 23. f4 Nd3 24. Rab1 Nc5 25. Nxc5 dxc5 26. Rbe1 Rae8 27. e5 fxe5 28. fxe5 Rxe5 29. Rf8+ Rxf8 30. Rxe5 Kg7 31. g3 Rf7 32. Kg2 Kf6 33. Re6+ Kg7 34. d6 cxd6 35. Rxd6 Rf6 36. Rd7+ Rf7 37. Rxf7+ Kxf7 38. Kf3 Ke6 39. Ke4 b5 40. b3 a4 41. bxa4 bxa4 42. h3 h5 43. g4 hxg4 44. hxg4 Kf6 45. Kd5 Kg5 46. Kxc5 Kxg4 47. Kb5 Kf5 48. Kxa4 Ke6 49. Kb5 Kd7 50. Kb6 1/2-1/2

[Event "GER-ch Youth-U10 2022"]
[Site "Willingen"]
[Date "2022.06.05"]
[Round "2.8"]
[White "Svanidze, Alexander"]
[Black "Fadeev, Justin Michael"]
[Result "0-1"]
[ECO "B31"]
[WhiteElo "1348"]
[BlackElo "1320"]
[Annotator "NA RC COMBH"]
[PlyCount "70"]
[EventDate "2022.06.05"]
[EventType "swiss"]
[EventRounds "11"]
[EventCountry "GER"]
[SourceTitle "playchess.com"]
[Source "ChessBase"]
[SourceQuality "1"]
[TimeControl "40/4500+30:900+30"]

1. e4 c5 2. Nf3 Nc6 3. Bb5 g6 4. O-O Bg7 5. Bxc6 bxc6 6. Re1 Nf6 7. e5 Nd5 8. c4 Nb6 9. d3 O-O 10. Nc3 d5 11. exd6 exd6 12. Bf4 d5 13. cxd5 cxd5 14. d4 c4 15. Qd2 Bf5 16. Bh6 Qc7 17. a4 a5 18. Nb5 Qb7 19. Ne5 Rfd8 20. Qf4 Nxa4 21. Rxa4 Qxb5 22. Raa1 Re8 23. Bxg7 Kxg7 24. Nxf7 Rxe1+ 25. Rxe1 Kxf7 26. g4 Qd7 27. Re5 Re8 28. gxf5 Rxe5 29. fxg6+ Kxg6 30. dxe5 Qf5 31. Qd4 Qb1+ 32. Kg2 Qe4+ 33. Qxe4+ dxe4 34. f4 c3 35. bxc3 a4 0-1

[Event "GER-ch Youth-U10 2022"]
[Site "Willingen"]
[Date "2022.06.05"]
[Round "2.9"]
[White "Zimmer, Tim"]
[Black "Belin, Anton"]
[Result "1-0"]
[ECO "B01"]
[WhiteElo "1164"]
[BlackElo "1213"]
[Annotator "NA RC COMBH"]
[PlyCount "145"]
[EventDate "2022.06.05"]
[EventType "swiss"]
[EventRounds "11"]
[EventCountry "GER"]
[SourceTitle "playchess.com"]
[Source "ChessBase"]
[SourceQuality "1"]
[TimeControl "40/4500+30:900+30"]

1. e4 d5 2. exd5 Nf6 3. d4 Nxd5 4. c4 Nb6 5. Nc3 Bf5 6. Bf4 Nc6 7. Nf3 e6 8. a3 Be7 9. Be2 O-O 10. O-O Na5 11. c5 Nd5 12. Nxd5 exd5 13. b4 Nc6 14. b5 Nb8 15. Bd3 Bxd3 16. Qxd3 Nd7 17. Rfe1 c6 18. bxc6 bxc6 19. Qa6 Bxc5 20. dxc5 Nxc5 21. Qxc6 Nd3 22. Bc7 Qc8 23. Re7 Nf4 24. Qd7 Ne6 25. Qxc8 Rfxc8 26. Bd6 Rc6 27. Bg3 Rac8 28. h3 a6 29. Ne5 R6c7 30. Rxc7 Rxc7 31. Rd1 Rc5 32. Nd7 Ra5 33. Nb6 d4 34. Bd6 h6 35. Nc4 Ra4 36. Bb4 a5 37. Nxa5 Nf4 38. Nc4 Kh7 39. Na5 Kg6 40. Kf1 d3 41. g3 Nxh3 42. f4 Kf5 43. Rxd3 g5 44. Kg2 g4 45. Rd7 f6 46. Ra7 h5 47. Nc6 Rxa7 48. Nxa7 Ke6 49. Nc6 Kd7 50. Nd4 h4 51. a4 Kd8 52. a5 Kc8 53. a6 hxg3 54. Kxg3 Kb8 55. Bc5 Ka8 56. a7 Ng1 57. Ne6 Ne2+ 58. Kxg4 Nc3 59. Nc7+ Kb7 60. a8=Q+ Kxc7 61. Qa6 Kd7 62. Qd6+ Kc8 63. Qc6+ Kb8 64. Bb6 f5+ 65. Kxf5 Nb5 66. Qxb5 Kb7 67. Ke6 Kb8 68. Qc5 Kb7 69. Ba5 Kb8 70. Qb6+ Ka8 71. Qb5 Ka7 72. Bc7 Ka8 73. Qb8# 1-0

[Event "GER-ch Youth-U10 2022"]
[Site "Willingen"]
[Date "2022.06.05"]
[Round "2.10"]
[White "Heitmann, Erik"]
[Black "Rau, Eduard"]
[Result "0-1"]
[ECO "E30"]
[WhiteElo "1287"]
[BlackElo "1406"]
[Annotator "NA RC COMBH"]
[PlyCount "108"]
[EventDate "2022.06.05"]
[EventType "swiss"]
[EventRounds "11"]
[EventCountry "GER"]
[SourceTitle "playchess.com"]
[Source "ChessBase"]
[SourceQuality "1"]
[TimeControl "40/4500+30:900+30"]

1. d4 Nf6 2. c4 e6 3. Nc3 Bb4 4. Bg5 Ne4 5. Bxd8 Nxc3 6. Qd2 Nxa2 7. Bg5 Nc6 8. d5 Bxd2+ 9. Bxd2 Nab4 10. Bxb4 Nxb4 11. O-O-O d6 12. e4 O-O 13. Nf3 Re8 14. Nd4 exd5 15. exd5 Bd7 16. Bd3 a5 17. h4 a4 18. f3 a3 19. bxa3 Rxa3 20. Be4 g6 21. Rhe1 Ba4 22. Bc2 Ra1+ 23. Kd2 Rxe1 24. Bxa4 Rexd1+ 25. Bxd1 c5 26. Nb5 Ra2+ 27. Ke3 Rb2 28. Nxd6 b5 29. Nxb5 Nxd5+ 30. cxd5 Rxb5 31. d6 Kf8 32. d7 Ke7 33. Ba4 Rb7 34. Kd3 f5 35. Kc4 Rb4+ 36. Kxc5 Rxa4 37. g3 Kxd7 38. Kd5 h5 39. Ke5 Ke7 40. f4 Ra3 41. Kd5 Rxg3 42. Kd4 Kd6 43. Kc4 Rf3 44. Kd4 Rxf4+ 45. Ke3 Rxh4 46. Kf3 Ke5 47. Kg3 g5 48. Kf3 g4+ 49. Kg3 Rh3+ 50. Kg2 f4 51. Kf2 Rh2+ 52. Kg1 g3 53. Kf1 f3 54. Kg1 h4 0-1

[Event "GER-ch Youth-U10 2022"]
[Site "Willingen"]
[Date "2022.06.05"]
[Round "2.12"]
[White "Campora, Daniel H."]
[Black "Stehning, Toni"]
[Result "1/2-1/2"]
[ECO "D32"]
[WhiteElo "2397"]
[BlackElo "1097"]
[Annotator "TA"]
[PlyCount "111"]
[EventDate "2022.06.05"]
[EventType "swiss"]
[EventRounds "11"]
[EventCountry "GER"]
[SourceTitle "playchess.com"]
[Source "ChessBase"]
[SourceQuality "1"]
[TimeControl "40/4500+30:900+30"]

1. d4 d5 2. c4 e6 3. Nc3 c5 4. Nf3 Nc6 5. e3 Nf6 6. Be2 Be7 7. O-O O-O 8. cxd5 exd5 9. Bb5 {[%emt 0:02:05] D32: Tarrasch Defence: Sidelines and lines without g3.} a6 {[%emt 0:01:06] [#]} 10. Bd3 $146 (10. Bxc6 $11 bxc6 11. Qc2) ({Predecessor:} 10. Bxc6 bxc6 11. Ne5 Qc7 12. Re1 Bd6 13. f4 cxd4 14. exd4 Re8 15. a3 Bb7 16. b4 Nd7 {0-1 (83) Schulze,N (1072)-Roessler,L (1515) Oberhof 2012}) 10... Bg4 (10... c4 $5 11. Bc2 Nb4 $11) 11. dxc5 {[%emt 0:05:32] Black is slightly better.} Bxc5 12. h3 Bh5 13. Bd2 (13. Be2 $11) 13... Ne5 ({Black should play} 13... d4 $17 14. exd4 Nxd4) 14. Be2 $11 Nc4 15. b3 Nxd2 16. Qxd2 Bb4 17. Qd4 Bxc3 (17... Qa5 $15 18. Na4 Ba3) 18. Qxc3 $14 Ne4 19. Qd4 Ng5 20. Qf4 (20. Nxg5 {keeps more tension.} Bxe2 21. Rfe1 Bh5 22. Qf4) 20... Bxf3 (20... Ne4 $14) 21. Bxf3 $16 Nxf3+ 22. Qxf3 Rc8 23. Rfd1 Rc5 24. e4 ({White should try} 24. Rd4 $16) 24... dxe4 $1 $11 25. Qxe4 Qc7 26. Re1 Qc6 27. b4 Rc4 28. Qxc6 (28. Qe7 {with more complications.} Qb6 29. a3 Rc7 30. Qe5) 28... Rxc6 {[%emt 0:01:19][%mdl 4096] Endgame KRR-KRR} 29. Re7 b5 30. a4 Rc4 31. axb5 axb5 32. Rb1 Rd4 33. Rb7 Rd5 34. Rc1 Rfd8 35. Rc5 {[%emt 0:01:08] [#] Threatens to win with Rxd5.} (35. Rcc7 $5 ) 35... Rxc5 36. bxc5 {[%emt 0:00:04] aiming for c6. KR-KR} Kf8 37. Rxb5 Rc8 38. f4 Ke7 39. Rb7+ (39. Kf2 $16) 39... Ke6 40. Rb5 Kd7 41. g4 Kc6 42. Rb3 Rc7 43. Kf2 Kxc5 44. Rc3+ Kd6 45. Rxc7 Kxc7 {[%emt 0:00:05] K3P-K3P} 46. Ke3 Kd6 47. Ke4 g6 48. h4 Ke6 49. f5+ $2 (49. g5 $11) 49... gxf5+ 50. gxf5+ {[%emt 0:00:13] [#] KPP-KPP} Kf6 $2 (50... Kd6 $1 {mates} 51. Kd4 f6 52. Ke4 Kc5 53. Kf3 Kd5 54. Kg3 Ke5 55. Kg4 Ke4 56. Kh3 Kxf5 57. Kg3 Ke4 58. h5 h6 59. Kf2 f5 60. Ke2 f4 61. Kf2 f3 62. Kf1 Kf4 63. Kf2 Kg4 64. Kf1 Kxh5 65. Kf2 Kg4 66. Kf1 h5 67. Ke1 Kg3 68. Kd1 h4 69. Kc2 h3 70. Kd3 h2 71. Kd4 f2 72. Ke4 h1=Q+ 73. Kd4 f1=Q 74. Ke5 Qb7 75. Kd6 Qf4+ 76. Ke6 Qbf7#) 51. Kf4 {[%emt 0:00:07] The position is equal.} h5 52. Ke4 Ke7 {[%emt 0:00:54] White must now prevent ...Kd6.} 53. Ke5 f6+ $1 54. Kd5 {[%emt 0:01:01] White threatens Kc6 and mate.} Kd7 55. Kc5 {[%emt 0:01:13] White wants to mate with Kd5.} Kc7 $1 56. Kd5 {[%emt 0:00:06] Weighted Error Value: White=0.35/Black=0.22 (precise)} 1/2-1/2